 Dungeon Crawl Stone Soup version 0.29.1-1-gd02db6906a (webtiles) character file.

Game seed: 9884191743624413804

20532 unlimited1921 the Thaumaturge (level 13, -8/80 HPs)
             Began as a Djinni Fire Elementalist on Oct 14, 2022.
             Was an Initiate of Gozag.
             Shot with an arrow by a centaur warrior (12 damage)
             ... on level 13 of the Dungeon on Oct 15, 2022.
             The game lasted 01:57:31 (18989 turns).

unlimited1921 the Thaumaturge (DjFE)               Turns: 18989, Time: 01:57:33

Health: -8/80      AC: 14    Str: 11    XL:     13   Next: 13%
Gold:   1189       EV: 10    Int: 37    God:    Gozag SH:  0 Dex: 13

rFire   + + .      SeeInvis .   X - +7 battleaxe of the Yoke {freeze, Fly Int+4}
rCold   + + .      Faith    .   (shield currently unavailable)
rNeg    . . .      Spirit   .   q - +0 ice dragon scales
rPois   ∞          Reflect  .   T - +0 helmet
rElec   .          Harm     .   v - +1 cloak
rCorr   .          Rampage  .   N - +0 pair of gloves "Kuymus" {rF+ rC+}
Will    ++...                   (boots unavailable)
Stlth   ++........              h - amulet of regeneration
HPRegen 1.03/turn               a - +6 ring of intelligence
MPRegen 0.00/turn               i - +6 ring of intelligence

@: brilliant, spiked, gold aura, freezing walls, flying, hasted, studying 2
skills, very quick
A: sickness immunity, fire resistance 2, cold vulnerability 1, float, innate
caster, HP casting, extra vitality 1, strong-willed 1, strong 1
a: Renounce Religion, Potion Petition, Call Merchant, Bribe Branch


You were on level 13 of the Dungeon.
You worshipped Gozag.
Gozag was most pleased with you.
You visited 2 branches of the dungeon, and saw 14 of its levels.
You also visited: Bailey.

You collected 3305 gold pieces.
You spent 1647 gold pieces at shops.
You paid 469 gold pieces to Gozag.

Inventory:

Hand Weapons
 M - a +4 great mace of protection
 P - a +2 scimitar of freezing
 V - a +2 short sword of protection
 W - a +0 demon whip of venom
 X - the +7 battleaxe of the Yoke (weapon) {freeze, Fly Int+4}
   (You found it on level 11 of the Dungeon)

   It freezes those it strikes, dealing additional cold damage.
   It can also slow down cold-blooded creatures.
   Int:       It affects your intelligence (+4).
   Fly:       It grants you flight.
Missiles
 C - 64 stones
 U - a throwing net
Armour
 q - +0 ice dragon scales (worn)
 s - a +2 robe of willpower
 v - a +1 cloak (worn)
 N - the +0 pair of gloves "Kuymus" (worn) {rF+ rC+}
   (You found it in a bailey)

   rF:        It protects you from fire.
   rC:        It protects you from cold.
 T - a +0 helmet (worn)
Jewellery
 a - a +6 ring of intelligence (left hand)
 e - a +6 ring of strength
 h - an amulet of regeneration (around neck)
 i - a +6 ring of intelligence (right hand)
 j - an amulet of the acrobat
 u - a ring of ice
 I - the ring "Jysanin" {Fly rCorr}
   (You bought it in a shop on level 12 of the Dungeon)

   [ring of flight]

   Fly:       It grants you flight.
   rCorr:     It protects you from acid and corrosion.
Wands
 z - a wand of flame (38)
 A - a wand of paralysis (26)
 H - a wand of quicksilver (6)
 Q - a wand of roots (4) (quivered)
 R - a wand of mindburst (4)
Scrolls
 d - 3 scrolls of enchant armour
 f - a scroll of magic mapping {unknown}
 k - 2 scrolls of fear
 l - 3 scrolls of teleportation {unknown}
 B - 5 scrolls of poison {unknown}
 E - a scroll of noise {unknown}
 J - a scroll of immolation
 K - a scroll of summoning {unknown}
 O - 2 scrolls of brand weapon {unknown}
 S - 4 scrolls of enchant weapon {unknown}
Potions
 b - 4 potions of attraction
 c - 7 potions of mutation
 g - 3 potions of cancellation
 n - a potion of heal wounds
 o - 3 potions of brilliance
 p - 10 potions of curing
 r - a potion of flight
 t - 2 potions of might
 w - 2 potions of degeneration {unknown}
 x - a potion of magic {unknown}
 D - a potion of haste
 F - 2 potions of lignification
 G - 2 potions of invisibility


   Skills:
 + Level 2.7 Fighting
 + Level 0.4(1.0) Short Blades
 - Level 1.3(1.4) Long Blades
 * Level 5.6 Maces & Flails
 + Level 2.0 Armour
 + Level 6.2 Dodging
 * Level 7.2 Stealth
 + Level 13.3 Spellcasting
 + Level 0.4 Evocations


You had 7 spell levels left.
You knew the following spells:

 Your Spells              Type           Power      Damage    Failure   Level
a - Foxfire               Conj/Fire      100%       2x1d9     1%          1
b - Scorch                Fire           100%       2d10      1%          2
c - Conjure Flame         Conj/Fire      100%       6-21      1%          3
d - Inner Flame           Hex/Fire       100%       N/A       1%          3
e - Flame Wave            Conj/Fire      100%       2d21      1%          4
f - Necrotise             Necr           100%       1d9       1%          1
g - Passwall              Tmut/Erth      92%        N/A       1%          2
h - Stone Arrow           Conj/Erth      100%       3d13      1%          3
i - Frozen Ramparts       Ice            100%       1d16      1%          3
j - Summon Lightning Spi  Summ/Air       100%       N/A       1%          4
k - Summon Forest         Summ/Tloc      55%        N/A       1%          5
Your spell library was empty.

Dungeon Overview and Level Annotations

Branches:
Dungeon (13/15)            Temple (1/1) D:5            Lair (0/5) D:10
    Orc (0/2) D:11         Bailey (visited)
 Vaults: D:13-14

Altars:
Ashenzari
Cheibriados
Dithmenos
Elyvilon
Fedhas
Gozag
Hepliaklqana
Makhleb
Nemelex Xobeh
Okawaru
Qazlal
Ru
Trog
Uskayaw
Wu Jian
Xom
Yredelemnul
Zin
The Shining One

Shops:
D:2 *   D:5 !=**   D:6 !   D:12 =   D:13 =(


Innate Abilities, Weirdness & Mutations

You are immune to sickness and miasma.
You are immune to poison.
Your flesh is very heat resistant. (rF++)
You are vulnerable to cold. (rC-)
You float through the air rather than walking.
You learn spells naturally, not from books.
Your magical power is your life essence.
You have superior vitality. (+4 MHP)
You are strong-willed. (Will+)
Your muscles are strong. (Str +4, Int/Dex -1)


Message History

Your butterfly disappears in a burst of colours!
Casting: Frozen Ramparts (safe; 1% risk of failure)
Confirm with . or Enter, or press ? or * to list all spells.
Aiming: Passwall (safe; 1% risk of failure)
Press: ? - help, Dir - move target You can't see that place.
You feel a surge of power!
Your frozen ramparts will break if you move.
Continue?
The wall freezes the harpy.
Your butterfly is engulfed in blazing flames.
You kill your butterfly!
Your butterfly disappears in a burst of colours!
Your butterfly is engulfed in blazing flames.
You kill your butterfly!
Your butterfly disappears in a burst of colours!
The centaur warrior shoots an arrow.
The arrow hits you!
* * * LOW HITPOINT WARNING * * *
The wall freezes the harpy.
The harpy claws your butterfly!!
Your butterfly dies!
Your butterfly disappears in a burst of colours!
The wall freezes the manticore!
The manticore flicks its tail.
The volley of spikes hits you!
The barbed spikes become lodged in your body.
* * * LOW HITPOINT WARNING * * *
You begin to meditate on the wall.
You continue meditating on the rock.
The harpy screeches!
The centaur is no longer distracted by gold.
The wall freezes the harpy.
Your butterfly is engulfed in blazing flames.
You kill your butterfly!
Your butterfly disappears in a burst of colours!
You continue meditating on the rock.
The wall freezes the harpy.
Your butterfly is engulfed in blazing flames.
You kill your butterfly!
Your butterfly disappears in a burst of colours!
The centaur warrior shoots an arrow.
The arrow hits you!
You die...
Your body crumbles into a pile of gold.

...###.<#.....# $
≈.......'..<.'#
≈..###..#...... .
#..#.#8... .. #..#.#....
... #..#...... ....###
#######.#.#.#+#
...b$.####.#(....♣.#....
#..$@$8.#.##......#.#
#.H°☼§.$.$...........
#..b.H#.##.#..#.##.....#
.......#°##.#....#♣.....#
.......#c##.#.#..##......
.......#c##.#.#..........
........c.....#♣♣####....
.......#.##.#########.#..
..#+#....##8.............


You could see a centaur warrior, a manticore (ally target), a harpy, 2 centaurs
and a friendly lightning spire (summoned).

Vanquished Creatures
  Fannar (D:11)
  An ice dragon (D:11)
  A hydra (D:12)
  2 boulder beetles
  A two-headed ogre (D:9)
  Amaemon (D:11)
  An orc sorcerer (Bailey)
  A deep elf pyromancer (D:13)
  A kobold demonologist (Bailey)
  A rime drake (D:11)
  2 trolls
  5 slime creatures (D:12)
  A wraith (D:12)
  2 centaur simulacra (D:11)
  A vampire (D:11)
  A basilisk (D:6)
  Eustachio (D:5)
  A wyvern (D:8)
  14 yaks
  A hog (D:12)
  2 sky beasts
  An ice beast (D:7)
  2 black bears
  12 orc warriors
  4 ogres
  3 centaurs
  2 phantoms
  5 bullfrogs
  6 kobold brigands
  3 necrophages
  3 scorpions
  8 wights (D:9)
  11 killer bees
  9 electric eels
  A hound (D:4)
  A jelly (D:5)
  3 orc priests
  Crazy Yiuf (D:3)
  Jessica (D:3)
  3 iguanas
  Terence (D:3)
  6 orc wizards
  6 adders
  5 gnolls (Bailey)
  2 shadow imps
  2 white imps
  2 ufetubi
  2 worms (D:5)
  A dart slug (D:1)
  25 orcs
  2 bats (D:3)
  3 endoplasms
  2 giant cockroaches
  12 goblins
  6 hobgoblins
  9 jackals
  4 quokkas
  3 ball pythons
  A frilled lizard (D:1)
  13 kobolds
  4 rats
  A bush (D:3)
233 creatures vanquished.

Vanquished Creatures (collateral kills)
  Kirke (D:12)
  2 boulder beetles (D:11)
  A two-headed ogre (D:9)
  An orange demon (D:11)
  2 trolls
  A slime creature (D:12)
  A polar bear (D:11)
  A centaur simulacrum (D:11)
  2 shadows (D:11)
  2 yaks
  A hog (D:12)
  An acid dragon (D:12)
  An orc warrior (D:11)
  A centaur (D:9)
  A bullfrog (D:10)
  A scorpion (D:10)
  A wight (D:9)
  An orc priest (D:11)
  An orc wizard (D:9)
  3 orcs
  4 kobolds (D:10)
  2 foxfires
32 creatures vanquished.

Vanquished Creatures (others)
  A human (D:12)
  750 foxfires
  14 fungi
  12 plants (D:10)
777 creatures vanquished.

Grand Total: 1042 creatures vanquished

Notes
Turn   | Place    | Note
-------+----------+-------------------------------------------
     0 | D:1      | unlimited1921 the Djinni Fire Elementalist began the quest
                  | for the Orb.
     0 | D:1      | unlimited1921 set off with the following spells memorised:
                  | Foxfire, Scorch, Conjure Flame, Inner Flame, Flame Wave.
     0 | D:1      | Reached XP level 1. HP: 15/15 MP: 0/0
    45 | D:1      | Found a faded altar of an unknown god.
   410 | D:1      | Reached XP level 2. HP: 16/21 MP: 0/0
  1051 | D:2      | Found a sacrificial altar of Ru.
  1336 | D:2      | Reached skill level 3 in Spellcasting
  1336 | D:2      | Reached XP level 3. HP: 22/25 MP: 0/0
  1336 | D:2      | Learned a level 1 spell: Necrotise
  2020 | D:2      | Found Reigief's General Store.
  2393 | D:3      | Noticed Jessica
  2398 | D:3      | Killed Jessica
  2399 | D:3      | Reached XP level 4. HP: 25/31 MP: 0/0
  2652 | D:3      | Reached XP level 5. HP: 14/35 MP: 0/0
  2652 | D:3      | Learned a level 2 spell: Passwall
  3043 | D:3      | Noticed Terence
  3049 | D:3      | Killed Terence
  3050 | D:3      | Reached skill level 4 in Spellcasting
  3155 | D:3      | Noticed an ogre
  3159 | D:3      | Killed an ogre
  3160 | D:3      | Reached XP level 6. HP: 16/40 MP: 0/0
  4437 | D:3      | Found a runed translucent door.
  4438 | D:3      | Noticed Crazy Yiuf
  4443 | D:3      | Killed Crazy Yiuf
  4557 | D:3      | Identified a scroll of acquirement
  4684 | D:4      | Reached skill level 5 in Spellcasting
  5271 | D:4      | Noticed an ogre
  5279 | D:4      | Killed an ogre
  5280 | D:4      | Reached XP level 7. HP: 35/45 MP: 0/0
  5280 | D:4      | Learned a level 3 spell: Stone Arrow
  6230 | D:5      | Entered Level 5 of the Dungeon
  6304 | D:5      | Found Tenor's Distillery.
  6313 | D:5      | Bought a potion of might for 56 gold pieces
  6313 | D:5      | Bought a potion of curing for 42 gold pieces
  6352 | D:5      | Noticed Eustachio
  6359 | D:5      | Killed Eustachio
  6360 | D:5      | Reached skill level 6 in Spellcasting
  6789 | D:5      | Found Ityj's General Store.
  6797 | D:5      | Reached XP level 8. HP: 47/51 MP: 0/0
  6824 | D:5      | Bought a wand of paralysis (1) for 33 gold pieces
  7294 | D:5      | Found Adoa's Jewellery Boutique.
  7525 | D:5      | Found Kutaist's General Store.
  7771 | D:5      | Found a staircase to the Ecumenical Temple.
  7786 | Temple   | Entered the Ecumenical Temple
  7975 | Temple   | Became a worshipper of Gozag Ym Sagoz the Greedy
  8688 | D:6      | Reached skill level 7 in Spellcasting
  9386 | D:6      | Reached XP level 9. HP: 45/56 MP: 0/0
  9386 | D:6      | Learned a level 3 spell: Frozen Ramparts
  9397 | D:6      | Reached skill level 1 in Fighting
  9667 | D:6      | Found Quiphy's Distillery.
  9676 | D:6      | Bought a potion of lignification for 33 gold pieces
  9676 | D:6      | Bought a potion of invisibility for 88 gold pieces
  9676 | D:6      | Gained mutation: You are strong-willed. (Will+) [potion of
                  | mutation]
  9676 | D:6      | Gained mutation: Your muscles are strong. (Str +4, Int/Dex
                  | -1) [potion of mutation]
  9695 | D:6      | Reached skill level 8 in Spellcasting
  9771 | D:6      | Found a bloodstained altar of Trog.
 10728 | D:7      | Found a flagged portal.
 10740 | Bailey   | Entered a bailey
 11121 | Bailey   | Noticed a kobold demonologist
 11124 | Bailey   | Noticed a red devil
 11176 | Bailey   | Killed a kobold demonologist
 11177 | Bailey   | Reached skill level 9 in Spellcasting
 11197 | Bailey   | Reached XP level 10. HP: 36/62 MP: 0/0
 11629 | Bailey   | Reached skill level 1 in Long Blades
 11937 | Bailey   | Reached skill level 10 in Spellcasting
 12749 | Bailey   | Found an iron altar of Okawaru.
 12776 | Bailey   | Noticed an orc sorcerer
 12780 | Bailey   | Killed an orc sorcerer
 13093 | Bailey   | Identified the +0 pair of gloves "Kuymus" {rF+ rC+}
 13112 | Bailey   | Acquired a manual of Fighting
 13278 | D:5      | Bought an amulet of regeneration for 360 gold pieces
 13284 | D:5      | Acquired 1056 gold pieces
 13293 | D:5      | Bought a +6 ring of intelligence for 432 gold pieces
 13353 | D:6      | Bought 2 potions of heal wounds for 110 gold pieces
 13353 | D:6      | Bought a potion of curing for 33 gold pieces
 13353 | D:6      | Bought a potion of heal wounds for 55 gold pieces
 13353 | D:6      | Bought a potion of brilliance for 44 gold pieces
 14624 | D:8      | Reached skill level 1 in Maces & Flails
 14692 | D:9      | Noticed a two-headed ogre
 14896 | D:9      | Reached XP level 11. HP: 59/67 MP: 0/0
 14896 | D:9      | Learned a level 4 spell: Summon Lightning Spire
 14904 | D:9      | Noticed a two-headed ogre
 14907 | D:9      | Killed a two-headed ogre
 14908 | D:9      | Reached skill level 5 in Dodging
 14908 | D:9      | Reached skill level 5 in Stealth
 14908 | D:9      | Reached skill level 11 in Spellcasting
 15266 | D:9      | Killed a two-headed ogre
 15733 | D:10     | Entered Level 10 of the Dungeon
 16288 | D:10     | Found a staircase to the Lair.
 16750 | D:11     | Noticed a boulder beetle
 16759 | D:11     | Killed a boulder beetle
 16766 | D:11     | Reached skill level 12 in Spellcasting
 16766 | D:11     | Reached XP level 12. HP: 60/76 MP: 0/0
 16793 | D:11     | Noticed Amaemon
 16803 | D:11     | Killed Amaemon
 16839 | D:11     | Found a staircase to the Orcish Mines.
 16858 | D:11     | Found a gate leading to a gauntlet.
 16937 | D:11     | Noticed an ice dragon
 16947 | D:11     | Killed an ice dragon
 16997 | D:11     | Got the +7 battleaxe of the Yoke {freeze, Fly Int+4}
 17091 | D:11     | Noticed a boulder beetle
 17095 | D:11     | Killed a boulder beetle
 17201 | D:11     | Noticed a boulder beetle
 17210 | D:11     | Killed a boulder beetle
 17390 | D:11     | Noticed Fannar
 17397 | D:11     | Killed Fannar
 17856 | D:12     | Reached skill level 1 in Armour
 17898 | D:12     | Reached skill level 13 in Spellcasting
 18126 | D:12     | Noticed a seven-headed hydra
 18133 | D:12     | Killed a seven-headed hydra
 18134 | D:12     | Reached skill level 5 in Maces & Flails
 18150 | D:12     | Noticed Kirke
 18153 | D:12     | Killed Kirke
 18154 | D:12     | Reached XP level 13. HP: 64/80 MP: 0/0
 18154 | D:12     | Learned a level 5 spell: Summon Forest
 18283 | D:12     | Found a hide-covered altar of Uskayaw.
 18679 | D:12     | Found Upnasch's Jewellery Shop.
 18691 | D:12     | Bought the ring "Jysanin" {Fly rCorr} for 361 gold pieces
 18765 | D:13     | Found Geyxt's Jewellery Shoppe.
 18923 | D:13     | Found Havuodum's Weapon Boutique.
 18953 | D:13     | Noticed a boulder beetle
 18973 | D:13     | Noticed a centaur warrior
 18975 | D:13     | Killed a boulder beetle
 18987 | D:13     | HP: 3/80 [manticore/volley of spikes (14)]
 18989 | D:13     | Shot with an arrow by a centaur warrior

Illustrated notes

Levels and vault maps discovered:
D:1:      beargit_arrival_greenhouse, layout_rooms,
          ebering_ecumenical_altar_petrified, nrook_campfire,
          nicolae_figureground_sparkle
D:2:      layout_basic, basic_altar, serial_shops, nicolae_lakefront_shop
D:3:      layout_basic, uniq_jessica, uniq_crazy_yiuf_cottage, uniq_terence
D:4:      layout_cave_pools, kennysheep_small_square
D:5:      layout_layer_cave, temple_statues, serial_shops, shop, shop,
          nicolae_square_shop, shop, uniq_eustachio
D:6:      layout_loops_ring, trog_antimagical, serial_shops,
          nicolae_shop_statue_plus, ebering_dispersal_statue_hall,
          minmay_manual_monolith
D:7:      layout_loops_cross, enter_bailey_2, minmay_misc_feat_nine_boxes,
          minmay_misc_feat_roman, dreamdust_princess_corridor
D:8:      layout_gridville, amethyst_killhole, grunt_ministairs_8,
          minmay_misc_feat_ornament
D:9:      layout_basic
D:10:     layout_roguey, grunt_lair_entry_orc_guard_hut
D:11:     minmay_coctagon, layout_basic, gauntlet_entry_generic,
          chequers_mini_garden, nicolae_sif_muna_condensation, uniq_amaemon,
          uniq_fannar
D:12:     layout_loops_ring, serial_shops, nicolae_shop_trees,
          minmay_misc_feat_secret_circle, hangedman_decor_slide_cut,
          nicolae_uskayaw_en_pointe, uniq_kirke
D:13:     minmay_cornered_nines, layout_basic, serial_shops,
          nicolae_shop_statue_plus, nicolae_lakefront_shop,
          nicolae_shop_bloodbath_and_beyond, nicolae_stop_n_shop_2
Temple:   mainiacjoe_temple_archimedes_tessellation

Skill      XL: |  1  2  3  4  5  6  7  8  9 10 11 12 13 |
---------------+----------------------------------------+-----
Spellcasting   | 3 4 5 6 7 9 10 12 13 | 13.3
Stealth        | 2 3 4 6 7 |  7.2
Dodging        | 3 4 5 6 |  6.2
Fighting       | 1 2 |  2.7
Long Blades    | 1 |  1.3
Maces & Flails | 1 4 5 |  5.6
Armour         | 1 2 |  2.0
Short Blades   | |  0.4
Evocations     | |  0.4

Action                   |  1- 3 |  4- 6 |  7- 9 | 10-12 | 13-15 || total
-------------------------+-------+-------+-------+-------+-------++-------
Melee: Short sword       |     4 |    22 |       |       |       ||    26
       Falchion          |       |       |    12 |     4 |       ||    16
       Great mace        |       |       |       |    59 |       ||    59
 Cast: Foxfire           |    47 |    42 |   134 |   221 |     3 ||   447
       Inner Flame       |       |    14 |    18 |    61 |     2 ||    95
       Scorch            |       |     8 |    30 |    64 |     4 ||   106
       Passwall          |       |     1 |       |     1 |     1 ||     3
       Stone Arrow       |       |       |     4 |     2 |     2 ||     8
       Frozen Ramparts   |       |       |     3 |    11 |     2 ||    16
       Flame Wave        |       |       |       |     4 |       ||     4
       Summon Lightning  |       |       |       |    38 |     8 ||    46
       Conjure Flame     |       |       |       |     1 |       ||     1
       Summon Forest     |       |       |       |       |     2 ||     2
       Necrotise         |       |       |       |       |     2 ||     2
Invok: Potion Petition   |       |       |       |       |     1 ||     1
Evoke: Wand              |       |       |       |     2 |     3 ||     5
  Use: Scroll            |       |     7 |     1 |     7 |     1 ||    16
       Potion            |       |       |     1 |     2 |     3 ||     6
Armor: Robe              |     1 |     2 |    15 |    47 |       ||    65
       Ice dragon scales |       |       |       |     2 |     3 ||     5
Dodge: Dodged            |     4 |     8 |    30 |   120 |     3 ||   165
